 Dungeon Crawl Stone Soup version 0.21.1-1-g345015f (webtiles) character file.

728546 CougarLife the Minotaur Porcupine (level 27, -3/273 HPs)
             Began as a Minotaur Fighter on May 24, 2018.
             Was a High Priest of the Shining One.
             Killed by an exploding bennu (4 damage)
             ... ignited by themself
             ... on level 3 of the Tomb of the Ancients on May 27, 2018.
             The game lasted 07:17:30 (81357 turns).

CougarLife the Minotaur Porcupine (MiFi)           Turns: 81357, Time: 07:17:31

Health: -3/273     AC: 51    Str: 34      XL:     27
Magic:  14/34      EV: 23    Int:  1 (3)  God:    the Shining One [*****.]
Gold:   8224       SH: 26    Dex: 20      Spells: 26/26 levels left

rFire    . . .     SeeInvis +   Z - +9 trishula (holy)
rCold    . . .     Gourm    .   h - +2 shield
rNeg     + + .     Faith    .   d - +14 crystal plate armour
rPois    +         Spirit   .   C - +3 hat "Xyenept" {rPois Regen+ Slay+2 SInv}
rElec    +         Reflect  +   R - +1 cloak "Huisol" {+Fly rElec rPois Regen+}
rCorr    +         Harm     .   s - +1 pair of gloves {Str+3}
MR       +++..     Rnd*Rage +   v - +2 pair of boots of the Armadillo {Str+2 Stlth+}
Stlth    ..........             U - +4 amulet of reflection
HPRegen  1.35/turn              r - ring of protection from magic
MPRegen  0.24/turn              F - ring of resist corrosion

@: agile, hasted and slowed, lost intelligence, glowing, drained
A: retaliatory headbutt, horns 2, berserk 1, clumsy 1, deformed body, dopey 1,
screaming 2, strong 1, MP-powered wands
}: 4/15 runes: barnacled, slimy, silver, gossamer
a: Divine Shield, Cleansing Flame, Summon Divine Warrior, Renounce Religion,
Evoke Flight


You were on level 3 of the Tomb of the Ancients.
You worshipped the Shining One.
The Shining One was extremely pleased with you.
You were not hungry.

You visited 13 branches of the dungeon, and saw 57 of its levels.
You visited the Abyss 1 time.
You also visited: Labyrinth and Trove.

You collected 9513 gold pieces.
You spent 1289 gold pieces at shops.

Inventory:

Hand Weapons
 Z - a +9 trishula of holy wrath (weapon)
Missiles
 T - 8 javelins of penetration (quivered)
Armour
 d - a +14 crystal plate armour (worn)
 h - a +2 shield (worn)
 s - a +1 pair of gloves of strength (worn)
 v - the +2 pair of boots of the Armadillo (worn) {Str+2 Stlth+}
   (Okawaru gifted it to you on level 4 of the Vaults)

   It affects your strength (+2).
   It makes you more stealthy.
 C - the +3 hat "Xyenept" (worn) {rPois Regen+ Slay+2 SInv}
   (Okawaru gifted it to you on level 14 of the Dungeon)

   It affects your accuracy and damage with ranged weapons and melee attacks
   (+2).
   It protects you from poison.
   It lets you see invisible.
   It increases your rate of regeneration.
 R - the +1 cloak "Huisol" (worn) {+Fly rElec rPois Regen+}
   (Okawaru gifted it to you on level 2 of the Spider Nest)

   It insulates you from electricity.
   It protects you from poison.
   It lets you fly.
   It increases your rate of regeneration.
Jewellery
 r - a ring of protection from magic (left hand)
 F - a ring of resist corrosion (right hand)
 J - the ring of the Invisible Nights {rC+ Stlth+}
   (You acquired it on level 2 of the Elven Halls)

   [ring of stealth]

   It protects you from cold.
   It makes you more stealthy.
 U - a +4 amulet of reflection (around neck)
Wands
 c - a wand of digging (13)
 y - a wand of disintegration (56)
 z - a wand of acid (27)
 A - a wand of flame (125)
 G - a wand of iceblast (69)
 H - a wand of polymorph (77)
 K - a wand of paralysis (66)
 P - a wand of enslavement (27)
 W - a wand of scattershot (5)
Scrolls
 e - 3 scrolls of identify
 g - 34 scrolls of remove curse
 i - 11 scrolls of enchant weapon
 j - 12 scrolls of amnesia
 m - 13 scrolls of fear
 o - 33 scrolls of teleportation
 w - 2 scrolls of holy word
 B - 8 scrolls of blinking
 D - 4 scrolls of fog
 E - 8 scrolls of magic mapping
 M - 3 scrolls of summoning
 O - 6 scrolls of immolation
Potions
 a - 5 potions of resistance
 b - 4 potions of berserk rage
 k - 21 potions of curing
 l - 5 potions of cancellation
 n - 2 potions of haste
 p - 11 potions of ambrosia
 q - 11 potions of heal wounds
 t - 2 potions of invisibility
 u - 14 potions of lignification
 x - 3 potions of agility
 N - 2 potions of magic
 S - 5 potions of mutation
Miscellaneous
 Y - 9 boxes of beasts
Comestibles
 f - 73 rations


   Skills:
 O Level 27(26.6) Fighting
   Level 5.0(18.9) Axes
 O Level 27(26.6) Polearms
 - Level 3.4(3.2) Throwing
 O Level 27(26.6) Armour
 + Level 14.5(14.2) Dodging
 O Level 27(26.6) Shields
 - Level 16.1(15.9) Invocations
 - Level 5.7(5.4) Evocations


You had 26 spell levels left.
You didn't know any spells.

Dungeon Overview and Level Annotations

Branches:
Dungeon (15/15)            Temple (1/1) D:5            Lair (6/6) D:11
 Shoals (4/4) Lair:4       Spider (4/4) Lair:4        Slime (5/5) Lair:6
    Orc (2/2) D:11            Elf (3/3) Orc:2        Vaults (5/5) D:13
  Crypt (3/3) Vaults:2       Tomb (3/3) Crypt:3      Depths (5/5) D:15
   Hell (1/1)                 Zot (0/5) Depths:5
    Dis: Hell:1         Geh: Hell:1         Coc: Hell:1         Tar: Hell:1

Altars:
Ashenzari
Cheibriados
Dithmenos
Fedhas
Hepliaklqana
Kikubaaqudgha
Makhleb
Okawaru
Qazlal
Ru
Sif Muna
Trog
Vehumet
Wu Jian
Xom
Yredelemnul
The Shining One
Beogh
Jiyva

Shops:
D:12 *   Orc:2 ([(%}   Elf:2 (%%[=   Vaults:2 ?   Vaults:4 *:

Portals:
Hell: Depths:1 Depths:2 Depths:3 Depths:4 Depths:5
Abyss: Depths:1 Depths:4
Pandemonium: Depths:2 Depths:3 Depths:5
Ziggurat: Depths:5

Annotations:
D:5 2 transporters
Hell Geryon


Innate Abilities, Weirdness & Mutations

You reflexively headbutt those who attack you in melee.
You have a pair of horns on your head.
You tend to lose your temper in combat.
You are clumsy. (Dex -2)
Armour fits poorly on your strangely shaped body.
You are dopey. (Int -2)
You sometimes yell uncontrollably at your foes.
Your muscles are strong. (Str +2)
You expend magic power (3 MP) to strengthen your wands.


Message History

The golden flame engulfs the emperor scorpion.
The emperor scorpion is heavily wounded.
The golden flame engulfs the bennu.
The bennu blazes out!
The pyre of ghostly fire engulfs the greater mummy.
The greater mummy completely resists.
The pyre of ghostly fire engulfs the emperor scorpion.
The emperor scorpion is drained!
The emperor scorpion dies!
The emperor scorpion's corpse disappears in a puff of smoke!
The pyre of ghostly fire engulfs the skeletal warrior.
The skeletal warrior completely resists.
The pyre of ghostly fire engulfs the greater mummy.
The greater mummy completely resists.
The pyre of ghostly fire engulfs the emperor scorpion.
The emperor scorpion is drained!
The pyre of ghostly fire engulfs the hellwing.
The hellwing completely resists.
The pyre of ghostly fire engulfs you! You partially resist.
You feel drained.
You die...

****** ######## ******* **,,,,**
#..sZss# **,,,,,**
**,,,,,,**#...Ms@#**,,,,,,,**
*,,,,,,,,*#..Zz[M#*,,,,,,,,,**
,,,,,,,,,*#...ยง43#*,,,,,,,,,,**
,,,,,,,,,,#.M3MVM#,,,,,,,,,,,,**
,,,,,,,,,,#ZLssLz#M,,,,,,,,,,,,**
,,,,,,,,,4ssMsMMM3,,,,,,,,,,,,,,*
,,,,,,,,,.#ssMMzW#,,,,,,,,,,,,,,,
,,,,,,,,,,#..MMMM#,,,,,,,,,,,,,,,
,,,,,,,,,**,,,,,,**,,,,,,,,,,,,,,


You could see 3 greater mummies, 7 emperor scorpions, a revenant, a lich, a
mummy priest, 2 skeletal warriors, a jiangshi, 2 soul eaters, a phantasmal
warrior, a hellwing, 7 guardian mummies, a smoke demon, 4 death scarabs, a red
devil, a flying skull, 4 mummies, an anaconda simulacrum, a dire elephant
skeleton and an ettin skeleton.

Vanquished Creatures
  the Royal Jelly (Slime:5)
  4 ancient liches
  Mara (Vaults:4)
  6 juggernauts
  Mennas (Depths:4)
  Sojobo (Vaults:4)
  18 greater mummies
  Boris (thrice) (Vaults:3 Crypt:1 Tomb:1)
  Bai Suzhen (Vaults:3)
  Frederick (Vaults:3)
  15 caustic shrikes
  9 golden dragons
  Nikola (Shoals:1)
  3 bone dragons
  13 liches
  Jorgrun (Shoals:2)
  14 tentacled monstrosities
  5 deep elf blademasters
  4 quicksilver dragons
  5 deep elf master archers
  Frances (Shoals:1)
  11 sphinxes
  10 titans
  21 acid blobs
  Kirke (Lair:4)
  A tentacled starspawn (Abyss:3)
  7 ancient champions
  Polyphemus (Shoals:3)
  4 shadow dragons
  9 tengu reavers
  2 krakens
  7 storm dragons
  Donald (Crypt:1)
  2 revenants
  A large abomination (Vaults:5)
  Ilsuiw (Shoals:4)
  Agnes (D:14)
  16 azure jellies
  Louise (Shoals:4)
  2 draconian knights (Depths:5)
  23 frost giants
  16 vault wardens
  11 deep elf sorcerers
  4 ghost moths (Spider:4)
  3 orc warlords
  23 fire giants
  2 iron dragons
  3 deep elf elementalists
  An angel (Abyss:3)
  8 emperor scorpions
  16 ironheart preservers
  4 ghouls
  10 very ugly things
  47 stone giants
  8 vampire knights
  7 war gargoyles
  5 entropy weavers
  5 bennus
  5 black draconians
  12 deep elf demonologists
  A lorocyproca (Abyss:3)
  Azrael (D:14)
  4 white draconians
  6 yellow draconians
  14 deep elf annihilators
  2 purple draconians (Depths:2)
  7 death oozes
  5 merfolk javelineers
  3 red draconians
  11 spark wasps
  3 crystal guardians
  13 ettins
  10 deep elf death magi
  Snorg (D:12)
  25 mummy priests
  7 merfolk impalers
  Josephine (Orc:1)
  A minotaur (Lab)
  15 deep elf high priests
  4 eidola
  2 green deaths
  4 jiangshi
  14 fire dragons
  20 yaktaur captains
  16 great orbs of eyes
  13 ice dragons
  32 vault guards
  16 ogre magi
  3 rakshasas
  2 catoblepae
  Erica (D:11)
  9 hydras
  5 spriggan air magi
  14 centaur warriors
  An alligator snapping turtle (Shoals:3)
  5 merfolk aquamancers
  6 merfolk avatars
  39 dancing weapons
  14 deep troll shamans
  12 death yaks
  4 satyrs (Shoals:4)
  11 death scarabs
  27 two-headed ogres
  The ghost of dedward the Magician, a novice GnSk of Nemelex Xobeh (D:10)
  12 deep troll earth magi
  5 vampire magi
  Urug (Lair:3)
  5 spriggan berserkers
  8 tengu warriors
  Nergalle (Lair:3)
  3 soul eaters
  8 small abominations
  Sonja (Orc:2)
  30 deep elf knights
  2 orc high priests
  4 iron trolls
  A shadow wraith (Vaults:5)
  A death drake (shapeshifter) (Depths:4)
  42 skeletal warriors
  A spatial maelstrom (Abyss:3)
  4 titan skeletons
  12 hell knights
  2 unseen horrors
  A torturous demonspawn (Depths:2)
  An unseen horror (shapeshifter) (D:13)
  3 storm dragon skeletons
  A glowing orange brain (shapeshifter) (Depths:4)
  21 deep trolls
  7 flayed ghosts
  13 sea snakes
  5 wizards
  35 deep elf archers
  5 glowing orange brains
  A golden dragon skeleton (Crypt:2)
  9 orc knights
  16 ironbrand convokers
  7 phantasmal warriors
  An iron giant skeleton (Crypt:1)
  A tengu zombie (Depths:3)
  A harpy (shapeshifter) (Depths:5)
  A tengu skeleton (Depths:3)
  19 harpies
  An obsidian statue (Vaults:3)
  An orb spider (shapeshifter) (Vaults:1)
  16 manticores
  12 orb spiders
  A wolf spider zombie (D:9)
  34 wolf spiders
  10 necromancers
  26 ugly things
  A frost giant zombie (Tomb:1)
  8 shining eyes
  4 orc sorcerers
  80 deep elf magi
  A cyclops (shapeshifter) (Vaults:5)
  19 fauns
  4 centaur zombies
  15 cyclopes
  17 elephants
  An elephant (shapeshifter) (Vaults:2)
  4 moths of wrath
  8 merfolk sirens
  2 frost giant skeletons
  An iron dragon skeleton (Crypt:3)
  12 vault sentinels
  10 water nymphs
  A stone giant skeleton (Crypt:3)
  A pale draconian zombie (Crypt:2)
  A torpor snail (Lair:3)
  A water nymph (shapeshifter) (Vaults:5)
  Psyche (D:8)
  2 gargoyles
  A shock serpent skeleton (Crypt:1)
  2 black mambas
  A smoke demon (Abyss:3)
  A purple draconian zombie (Crypt:1)
  4 eyes of devastation
  An emperor scorpion zombie (Crypt:1)
  3 rime drakes
  22 spiny frogs
  A rime drake (shapeshifter) (Depths:5)
  3 kobold demonologists
  An efreet (D:14)
  10 freezing wraiths
  42 yaktaurs
  A yaktaur (shapeshifter) (Depths:3)
  16 demonic crawlers
  8 komodo dragons
  An ice devil (Depths:2)
  4 tengu conjurers
  A troll (shapeshifter) (Vaults:2)
  33 guardian mummies
  A queen bee (D:11)
  2 red devils (Depths:2)
  30 jumping spiders
  25 merfolk
  4 polar bears
  9 trolls
  3 meliai (D:14)
  A jumping spider (shapeshifter) (Vaults:5)
  A polar bear (shapeshifter) (Vaults:1)
  87 slime creatures
  6 wind drakes
  12 hornets
  An iron troll skeleton (Crypt:1)
  A spriggan zombie (Depths:3)
  7 dream sheep
  A hydra skeleton (Crypt:1)
  An ice dragon zombie (Crypt:1)
  10 hippogriffs
  10 blink frogs
  A meliai zombie (D:11)
  A fire giant simulacrum (Vaults:2)
  A blink frog (shapeshifter) (Depths:2)
  7 snapping turtles
  44 flying skulls
  5 air elementals
  A vampire (D:13)
  76 redbacks
  2 spriggans (shapeshifter)
  23 water elementals
  39 tarantellas
  5 wyverns
  A fire dragon skeleton (Crypt:3)
  A wyvern (shapeshifter) (Elf:2)
  5 ushabtiu
  35 yaks
  3 fire bats (Depths:1)
  An ice dragon skeleton (Crypt:2)
  A shadow (Crypt:1)
  A human (shapeshifter) (Vaults:4)
  3 yaks (shapeshifter)
  8 wraiths
  4 basilisks
  5 fire elementals
  7 vampire mosquitoes
  A chaos spawn (Depths:2)
  A hog (shapeshifter) (Vaults:5)
  7 hogs
  8 golden eyes
  3 hungry ghosts
  A neqoxec (Abyss:3)
  A swamp worm (shapeshifter) (Vaults:4)
  7 wargs
  Menkaure (D:7)
  3 acid dragons
  A naga (shapeshifter) (Vaults:3)
  8 porcupines
  17 water moccasins
  5 hell hounds
  2 floating eyes
  A spiny frog zombie (Crypt:1)
  32 orc warriors
  5 sky beasts
  A hornet zombie (D:13)
  7 ice beasts
  An ettin simulacrum (Vaults:2)
  5 phantoms
  2 snapping turtle zombies (Crypt:3)
  A swamp dragon zombie (Crypt:3)
  4 wolves (Lair:4)
  10 black bears
  31 centaurs
  3 boggarts (Depths:4)
  8 eyes of draining
  5 necrophages
  29 ogres
  12 crocodiles
  6 big kobolds
  A komodo dragon zombie (Crypt:2)
  30 bullfrogs
  3 earth elementals
  2 gnoll sergeants
  A wyvern zombie (D:15)
  A salamander skeleton (Crypt:2)
  5 scorpions
  23 killer bees
  A water moccasin skeleton (D:10)
  An orc simulacrum (Vaults:1)
  A human simulacrum (Vaults:3)
  25 wights
  A yak skeleton (Crypt:2)
  5 electric eels
  3 howler monkeys
  3 bullfrog zombies
  13 crimson imps
  A human zombie (Crypt:3)
  18 jellies
  3 quasits
  A wyvern simulacrum (D:13)
  21 orc priests
  5 hounds
  7 centaur skeletons
  4 gnoll shamans (D:10)
  Crazy Yiuf (D:5)
  21 orc wizards
  5 bullfrog skeletons
  2 iron imps
  Jessica (D:3)
  3 iguanas
  7 worker ants
  Terence (D:3)
  A hound zombie (D:11)
  A demigod skeleton (Crypt:2)
  A hound skeleton (Crypt:2)
  32 mummies
  A howler monkey zombie (Crypt:1)
  A worker ant zombie (D:11)
  17 gnolls
  A howler monkey skeleton (D:9)
  13 adders
  4 shadow imps
  14 white imps
  An ufetubus (Depths:2)
  5 oozes
  2 adder zombies
  A lava snake zombie (Crypt:1)
  An adder skeleton (D:4)
  10 worms
  A dart slug (D:2)
  3 leopard geckos
  122 orcs
  A bat skeleton (Crypt:1)
  9 giant cockroaches
  4 goblins
  10 hobgoblins
  26 kobolds
  3 quokkas
  6 bats
  A frilled lizard (D:2)
  A jackal skeleton (D:5)
  A jackal zombie (D:6)
  An orc zombie (Crypt:3)
  A quokka skeleton (D:7)
  3 quokka zombies
  9 rats
  4 crawling corpses
  10 plants
  A starspawn tentacle (Abyss:3)
  7 tentacles
2838 creatures vanquished.

Vanquished Creatures (collateral kills)
  A juggernaut (Depths:5)
  The ghost of Lucherd the Merry Centaur, a veteran CeHu of Okawaru (Depths:2)
  3 greater mummies
  2 golden dragons
  A lich (Depths:4)
  A tentacled monstrosity (Vaults:5)
  A shadow dragon (Vaults:5)
  3 tengu reavers
  2 azure jellies (Slime:5)
  A fire giant (Crypt:3)
  An iron dragon (Vaults:5)
  A vault warden (Vaults:5)
  A deep elf elementalist (Elf:3)
  A very ugly thing (Depths:4)
  A bennu (Tomb:3)
  A black draconian (Depths:5)
  A deep elf annihilator (Elf:3)
  An ettin (Vaults:5)
  A mummy priest (Tomb:2)
  A yaktaur captain (Depths:4)
  12 death scarabs
  A dancing weapon (Vaults:5)
  A deep troll (Depths:5)
  2 deep elf magi
  5 guardian mummies
  An air elemental (Depths:5)
  An ushabti (Tomb:3)
  An ogre (Vaults:5)
  4 mummies
  2 crawling corpses (Vaults:5)
56 creatures vanquished.

Vanquished Creatures (others)
  A deep elf master archer (Depths:2)
  A storm dragon (Vaults:5)
  2 revenants (Tomb:2)
  A stone giant (Vaults:3)
  A bennu (Tomb:2)
  A merfolk javelineer (Shoals:4)
  3 yaktaur captains
  3 centaur warriors
  A spriggan air mage (Depths:5)
  A two-headed ogre (Vaults:2)
  4 satyrs
  41 death scarabs (Tomb:2)
  3 deep elf archers
  An ugly thing (Vaults:1)
  4 fauns
  2 deep elf magi
  A wolf spider zombie (Tomb:2)
  5 cyclopes
  A manticore (Shoals:4)
  2 vault sentinels (Vaults:3)
  13 yaktaurs
  An air elemental (Elf:1)
  A flying skull (Tomb:3)
  2 orc warriors
  2 ogres (Vaults:3)
  17 centaurs
  2 orc priests (Elf:1)
  2 mummies (Tomb:2)
  7 orcs
  A crawling corpse (Elf:1)
  8 fungi
  41 plants
  2 starspawn tentacles (Abyss:3)
  7 tentacles
185 creatures vanquished.

Grand Total: 3079 creatures vanquished

Notes
Turn   | Place    | Note
-------+----------+-------------------------------------------
     0 | D:1      | CougarLife the Minotaur Fighter began the quest for the Orb.
     0 | D:1      | Reached XP level 1. HP: 19/19 MP: 0/0
   451 | D:1      | Reached XP level 2. HP: 26/26 MP: 1/1
  1152 | D:2      | Found a shadowy altar of Dithmenos.
  1288 | D:2      | Noticed a moth of wrath
  1390 | D:2      | Reached XP level 3. HP: 33/33 MP: 2/2
  1653 | D:2      | Found a bloodstained altar of Trog.
  1775 | D:2      | Reached XP level 4. HP: 41/41 MP: 3/3
  1846 | D:3      | Noticed Terence
  1860 | D:3      | Killed Terence
  2106 | D:3      | Found an ornate altar of the Wu Jian Council.
  2155 | D:3      | Reached skill level 5 in Axes
  2248 | D:3      | Reached skill level 5 in Fighting
  2258 | D:3      | Found an iron altar of Okawaru.
  2274 | D:3      | Became a worshipper of Warmaster Okawaru
  2282 | D:3      | Reached skill level 1 in Dodging
  2282 | D:3      | Reached XP level 5. HP: 48/48 MP: 4/4
  2315 | D:3      | Noticed Jessica
  2321 | D:3      | Killed Jessica
  2624 | D:4      | Noticed an ogre
  2630 | D:4      | Killed an ogre
  2630 | D:4      | Reached XP level 6. HP: 36/56 MP: 5/5
  2652 | D:4      | Found a radiant altar of Vehumet.
  2653 | D:4      | Found a burning altar of Makhleb.
  2717 | D:4      | Reached * piety under Okawaru
  2717 | D:4      | Reached skill level 5 in Dodging
  3007 | D:4      | Got an ichor-stained trident
  3021 | D:4      | Reached XP level 7. HP: 22/61 MP: 6/6
  3548 | D:4      | Reached skill level 1 in Invocations
  3657 | D:4      | Found a deep blue altar of Sif Muna.
  4065 | D:4      | Identified the +7 trident of the Mosquito {drain, rC+ Dex+5} (You found it on level 4 of the Dungeon)
  4118 | D:5      | Entered Level 5 of the Dungeon
  4142 | D:5      | Reached ** piety under Okawaru
  4167 | D:5      | Reached XP level 8. HP: 64/68 MP: 10/10
  4306 | D:5      | Found a basalt altar of Yredelemnul.
  4306 | D:5      | Found a stormy altar of Qazlal.
  4309 | D:5      | Found a hazy altar of Hepliaklqana.
  4327 | D:5      | Found a transporter.
  4331 | D:5      | Found a transporter.
  4332 | D:5      | Noticed a skeletal warrior
  4392 | D:5      | Reached skill level 5 in Invocations
  4737 | D:5      | Found a staircase to the Ecumenical Temple.
  4798 | D:5      | Found a runed door.
  4822 | D:5      | Found a shattered altar of Ashenzari.
  4995 | D:5      | Noticed Crazy Yiuf
  4999 | D:5      | Killed Crazy Yiuf
  4999 | D:5      | Reached skill level 1 in Polearms
  5229 | D:6      | Reached *** piety under Okawaru
  5229 | D:6      | Reached skill level 5 in Polearms
  5290 | D:6      | Found a sacrificial altar of Ru.
  5645 | D:6      | Reached XP level 9. HP: 74/74 MP: 12/12
  5766 | D:7      | Noticed Menkaure
  5770 | D:7      | Killed Menkaure
  5817 | D:7      | Reached skill level 5 in Armour
  5817 | D:7      | Reached skill level 5 in Shields
  5914 | D:7      | Found a radiant altar of Vehumet.
  6216 | D:8      | Noticed Psyche
  6220 | D:8      | Killed Psyche
  6220 | D:8      | Reached **** piety under Okawaru
  6246 | D:8      | Found a glowing golden altar of the Shining One.
  7032 | D:9      | Reached ***** piety under Okawaru
  7071 | D:9      | Reached XP level 10. HP: 81/81 MP: 14/14
  7108 | D:9      | Noticed a two-headed ogre
  7124 | D:9      | Reached skill level 1 in Evocations
  7169 | D:9      | Killed a two-headed ogre
  7743 | D:9      | Noticed a rust devil
  7750 | D:9      | Reached skill level 5 in Evocations
  8246 | D:10     | Entered Level 10 of the Dungeon
  8280 | D:10     | Received a gift from Okawaru
  9094 | D:10     | Reached XP level 11. HP: 95/97 MP: 15/15
  9201 | D:10     | Noticed a two-headed ogre
  9201 | D:10     | Noticed a two-headed ogre
  9217 | D:10     | Killed a two-headed ogre
  9217 | D:10     | Reached skill level 10 in Fighting
  9222 | D:10     | Killed a two-headed ogre
  9420 | D:10     | Noticed dedward's ghost (novice GnSk)
  9441 | D:10     | Killed dedward's ghost
  9450 | D:10     | Found a stormy altar of Qazlal.
  9484 | D:10     | Got a dazzling chain mail
  9485 | D:10     | Identified the +7 chain mail of the Bard {Int+3} (You found it on level 10 of the Dungeon)
  9520 | D:10     | Noticed an unseen horror
  9532 | D:10     | Killed an unseen horror
 10409 | D:11     | Reached skill level 10 in Polearms
 10507 | D:11     | Received a gift from Okawaru
 10518 | D:11     | Noticed Erica
 10535 | D:11     | Killed Erica
 10683 | D:11     | Found a staircase to the Lair.
 10959 | D:11     | You fall through a shaft!
 10991 | D:12     | Found a portal to a secret trove of treasure.
 10999 | D:12     | Reached XP level 12. HP: 110/110 MP: 16/16
 11033 | D:12     | Found a labyrinth entrance.
 11038 | Lab      | Entered a labyrinth
 12804 | Lab      | Noticed a minotaur
 12813 | Lab      | Killed a minotaur
 12827 | Lab      | Got a warped silver ring
 12827 | Lab      | Got a fine zirconium amulet
 12828 | Lab      | Got a crude war axe
 12829 | Lab      | Identified the +8 war axe "Kiemm" {chop, rElec Int+4 Dex-4} (You found it in a labyrinth)
 13004 | D:12     | Received a gift from Okawaru
 13010 | D:12     | Got an iridescent battleaxe {god gift}
 13061 | D:12     | Identified the +8 battleaxe of Apig {chop, *Slow +Inv Str-3 Stlth+} (Okawaru gifted it to you on level 12 of the Dungeon)
 13302 | D:12     | Found Meusadwo's General Store.
 13594 | D:12     | Noticed Snorg
 13605 | D:12     | Killed Snorg
 14226 | D:12     | Identified the ring "Narauz" {+Fly Stlth+} (You found it in a labyrinth)
 14227 | D:12     | Identified the amulet "Ginuto" {Spirit rPois rF+ Str+3 Dex-4} (You found it in a labyrinth)
 14679 | D:11     | Found a staircase to the Orcish Mines.
 14735 | D:11     | Received a gift from Okawaru
 15277 | Lair:1   | Entered Level 1 of the Lair of Beasts
 15844 | Lair:1   | Reached XP level 13. HP: 112/116 MP: 17/17
 16115 | Lair:1   | Reached ****** piety under Okawaru
 16115 | Lair:1   | Reached skill level 10 in Armour
 16115 | Lair:1   | Reached skill level 10 in Shields
 16769 | Lair:2   | Received a gift from Okawaru
 17515 | Lair:3   | Noticed Urug
 17537 | Lair:3   | Killed Urug
 17682 | Lair:3   | Reached skill level 1 in Throwing
 17928 | Lair:3   | Noticed Nergalle
 17965 | Lair:3   | Killed Nergalle
 18381 | Lair:4   | Noticed Kirke
 18394 | Lair:4   | Noticed a sphinx
 18399 | Lair:4   | Killed Kirke
 18522 | Lair:4   | Found a staircase to the Shoals.
 18573 | Lair:4   | Found a hole to the Spider Nest.
 18656 | Lair:4   | Received a gift from Okawaru
 19751 | Lair:5   | Reached XP level 14. HP: 112/127 MP: 15/18
 20716 | Lair:6   | Entered Level 6 of the Lair of Beasts
 20740 | Lair:6   | Paralysed by a hornet for 1 turns
 20757 | Lair:5   | Paralysed by a hornet for 1 turns
 21111 | Lair:6   | Received a gift from Okawaru
 21131 | Lair:6   | Reached skill level 15 in Fighting
 21534 | Lair:6   | Found a viscous altar of Jiyva.
 21534 | Lair:6   | Found a staircase to the Slime Pits.
 21686 | Lair:6   | Received a gift from Okawaru
 22502 | Orc:1    | Entered Level 1 of the Orcish Mines
 22769 | Orc:2    | Entered Level 2 of the Orcish Mines
 22775 | Orc:2    | Found a staircase to the Elven Halls.
 22779 | Orc:2    | Noticed a stone giant
 22799 | Orc:2    | Noticed Josephine
 22805 | Orc:1    | Killed a stone giant
 22928 | Orc:1    | Killed Josephine
 22932 | Orc:1    | Reached XP level 15. HP: 123/141 MP: 16/19
 23025 | Orc:2    | Noticed an orc warlord
 23088 | Orc:2    | Killed an orc warlord
 23197 | Orc:2    | Found a roughly hewn altar of Beogh.
 23198 | Orc:2    | Found Jeycisupn's Food Shoppe.
 23289 | Orc:2    | Found Nux Quf's Gadget Shop.
 23624 | Orc:2    | Found a roughly hewn altar of Beogh.
 23679 | Orc:2    | Found a roughly hewn altar of Beogh.
 23716 | Orc:2    | Noticed Sonja
 23721 | Orc:2    | Killed Sonja
 23799 | Orc:2    | Paralysed by an orc sorcerer for 6 turns
 23827 | Orc:2    | Received a gift from Okawaru
 23842 | Orc:2    | Noticed an orc warlord
 23857 | Orc:2    | Killed an orc warlord
 23857 | Orc:2    | Received a gift from Okawaru
 24329 | Orc:2    | Found Xaoheduph's Antique Armour Shoppe.
 24336 | Orc:2    | Found a roughly hewn altar of Beogh.
 24336 | Orc:2    | Found Fuces's Antique Weapon Emporium.
 24402 | Orc:2    | Found a roughly hewn altar of Beogh.
 24421 | Orc:2    | Found Syphaum's Weapon Emporium.
 25362 | D:13     | Found a gate to the Vaults.
 25373 | D:13     | Received a gift from Okawaru
 25428 | D:13     | Reached skill level 15 in Armour
 25428 | D:13     | Reached skill level 15 in Shields
 26635 | D:14     | Noticed Azrael
 26711 | D:14     | Killed Azrael
 26711 | D:14     | Reached skill level 10 in Invocations
 26742 | D:14     | Noticed Agnes
 26749 | D:14     | Killed Agnes
 26795 | D:14     | Received a gift from Okawaru
 26798 | D:14     | Got a scorched hat {god gift}
 26799 | D:14     | Identified the +3 hat "Xyenept" {rPois Regen+ Slay+2 SInv} (Okawaru gifted it to you on level 14 of the Dungeon)
 26914 | D:14     | Reached XP level 16. HP: 111/149 MP: 22/22
 26987 | D:14     | Got a steaming spear
 26988 | D:14     | Identified the +7 spear of Fusetz {freeze, Dex+2} (You found it on level 14 of the Dungeon)
 27390 | D:15     | Entered Level 15 of the Dungeon
 27851 | D:15     | Found a staircase to the Depths.
 28627 | Spider:1 | Entered Level 1 of the Spider Nest
 29812 | Spider:1 | Received a gift from Okawaru
 30031 | Spider:2 | Received a gift from Okawaru
 30046 | Spider:2 | Got a polished cloak {god gift}
 30061 | Spider:2 | Identified the +1 cloak "Huisol" {+Fly rElec rPois Regen+} (Okawaru gifted it to you on level 2 of the Spider Nest)
 31528 | Spider:3 | Reached XP level 17. HP: 163/163 MP: 23/23
 31764 | Shoals:1 | Entered Level 1 of the Shoals
 31764 | Shoals:1 | Noticed Frances
 31791 | Shoals:1 | Killed Frances
 31856 | Shoals:1 | Received a gift from Okawaru
 31887 | Shoals:1 | Identified a scroll of acquirement
 32079 | Shoals:1 | Received a gift from Okawaru
 32168 | Shoals:1 | Noticed Nikola
 32186 | Shoals:1 | Killed Nikola
 32220 | Shoals:1 | Reached skill level 15 in Polearms
 32787 | Shoals:2 | Noticed Jorgrun
 32813 | Shoals:2 | Killed Jorgrun
 32823 | Shoals:2 | Received a gift from Okawaru
 33412 | Shoals:3 | Received a gift from Okawaru
 33504 | Shoals:3 | Got an ominously black robe {god gift}
 33505 | Shoals:3 | Identified the +1 robe of Birdsong {Int+4} (Okawaru gifted it to you on level 3 of the Shoals)
 34148 | Shoals:3 | Reached XP level 18. HP: 166/172 MP: 24/24
 34192 | Shoals:3 | Noticed Polyphemus
 34219 | Shoals:3 | Killed Polyphemus
 34689 | Elf:1    | Entered Level 1 of the Elven Halls
 35323 | Elf:1    | Found the +10 morningstar "Eos" {elec, Halo rElec}
 35504 | Elf:1    | Received a gift from Okawaru
 36438 | Elf:2    | Found Moruup's Food Shoppe.
 36741 | Elf:2    | Gained mutation: Armour fits poorly on your strangely shaped body. [a neqoxec]
 36918 | Elf:2    | Found Eraety's Food Shoppe.
 36988 | Elf:2    | Found Unah's Weapon Emporium.
 37048 | Elf:2    | Found a runed gate.
 37048 | Elf:2    | Found a runed gate.
 37049 | Elf:2    | Found a runed gate.
 37153 | Elf:2    | Found Hihotwec's Armour Boutique.
 37155 | Elf:2    | Found Umeomn's Jewellery Boutique.
 37240 | Elf:2    | Received a gift from Okawaru
 37802 | Elf:2    | Reached XP level 19. HP: 179/179 MP: 25/25
 38320 | Spider:4 | Entered Level 4 of the Spider Nest
 38436 | Spider:4 | Got an ancient ring mail
 38437 | Spider:4 | Identified the +5 ring mail of Dim Light {rN+ Int-4 Dex+3} (You found it on level 4 of the Spider Nest)
 38447 | Spider:4 | Received a gift from Okawaru
 38448 | Spider:4 | Found the +5 scythe "Finisher" {speed, Str+3}
 38933 | Spider:4 | Received a gift from Okawaru
 39163 | Spider:4 | Got a gossamer rune of Zot
 40067 | Vaults:1 | Entered Level 1 of the Vaults
 40496 | Vaults:1 | Got a scorched jade ring
 40497 | Vaults:1 | Identified the ring of Rationality {EV+2 Dex+3} (You acquired it on level 1 of the Vaults)
 41217 | Vaults:1 | Received a gift from Okawaru
 41238 | Vaults:1 | Got a fine scale mail {god gift}
 42055 | Vaults:2 | Found Vog Zeko's Magic Scroll Shoppe.
 42063 | Vaults:2 | Bought a scroll of identify for 26 gold pieces
 42063 | Vaults:2 | Bought a scroll of magic mapping for 45 gold pieces
 42063 | Vaults:2 | Bought a scroll of magic mapping for 45 gold pieces
 42063 | Vaults:2 | Bought a scroll of identify for 26 gold pieces
 42063 | Vaults:2 | Bought a scroll of teleportation for 39 gold pieces
 42063 | Vaults:2 | Bought a scroll of blinking for 97 gold pieces
 42469 | Vaults:2 | Reached XP level 20. HP: 170/187 MP: 26/26
 42932 | Vaults:2 | Found a staircase to the Crypt.
 43591 | Vaults:2 | Received a gift from Okawaru
 44453 | Vaults:3 | Cast into level 3 of the Abyss (a deep elf sorcerer)
 44473 | Abyss:3  | Received a gift from Okawaru
 44572 | Vaults:3 | Escaped the Abyss
 44955 | Vaults:2 | Received a gift from Okawaru
 45056 | Vaults:3 | Noticed Boris
 45077 | Vaults:3 | Killed Boris
 45635 | Vaults:3 | Noticed Frederick
 45648 | Vaults:3 | Reached XP level 21. HP: 194/194 MP: 25/27
 45673 | Vaults:3 | Noticed Bai Suzhen
 45685 | Vaults:3 | Killed Bai Suzhen
 45719 | Vaults:3 | Killed Frederick
 45719 | Vaults:3 | Received a gift from Okawaru
 46390 | Vaults:4 | Noticed Sojobo
 46407 | Vaults:4 | Killed Sojobo
 46448 | Vaults:4 | Found Genogg's Book Shop.
 46488 | Vaults:4 | Noticed Mara
 46497 | Vaults:4 | Noticed CougarLife's illusion
 46525 | Vaults:4 | Killed Mara
 47100 | Vaults:4 | Found Paamacota's General Store.
 47108 | Vaults:4 | Bought a scroll of identify for 42 gold pieces
 47108 | Vaults:4 | Bought a scroll of immolation for 73 gold pieces
 47108 | Vaults:4 | Bought a scroll of identify for 42 gold pieces
 47108 | Vaults:4 | Bought a scroll of magic mapping for 73 gold pieces
 47636 | Vaults:4 | Got a bloodstained scythe
 47637 | Vaults:4 | Identified the +11 scythe "Wudouzxeg" {protect, +Blink rN+ Str+4 Dex-2} (You found it on level 4 of the Vaults)
 47689 | Vaults:4 | Received a gift from Okawaru
 47720 | Vaults:4 | Got a pair of bloodstained boots {god gift}
 47721 | Vaults:4 | Identified the +2 pair of boots of the Armadillo {Str+2 Stlth+} (Okawaru gifted it to you on level 4 of the Vaults)
 48140 | Shoals:4 | Entered Level 4 of the Shoals
 48333 | Shoals:4 | Noticed Louise
 48346 | Shoals:4 | Killed Louise
 48360 | Shoals:4 | Noticed Ilsuiw
 48377 | Shoals:4 | Killed Ilsuiw
 49040 | Shoals:4 | Got a barnacled rune of Zot
 49454 | Temple   | Entered the Ecumenical Temple
 50378 | D:8      | Fell from the grace of Okawaru
 50378 | D:8      | Became a worshipper of the Shining One
 51149 | Crypt:1  | Entered Level 1 of the Crypt
 51283 | Crypt:1  | Reached XP level 22. HP: 213/213 MP: 28/28
 51292 | Crypt:1  | Reached * piety under the Shining One
 51663 | Crypt:1  | Noticed Donald
 51674 | Crypt:1  | Killed Donald
 51874 | Crypt:1  | Reached ** piety under the Shining One
 52380 | Crypt:2  | Found a basalt altar of Yredelemnul.
 52409 | Crypt:2  | Reached *** piety under the Shining One
 52468 | Crypt:2  | Noticed Boris
 52488 | Crypt:1  | Killed Boris
 52642 | Crypt:2  | Identified the Volume of Air
 52655 | Crypt:2  | Reached **** piety under the Shining One
 53249 | Crypt:2  | Reached ***** piety under the Shining One
 53489 | Crypt:3  | Entered Level 3 of the Crypt
 53668 | Crypt:3  | Reached ****** piety under the Shining One
 53723 | Crypt:3  | Identified a +6 trishula of holy wrath (a +4 vampiric demon trident blessed by the Shining One)
 53723 | Crypt:3  | Received a gift from the Shining One
 54232 | Crypt:3  | Found an ancient bone altar of Kikubaaqudgha.
 54233 | Crypt:3  | Noticed an ancient lich
 54245 | Crypt:3  | Killed an ancient lich
 54285 | Crypt:3  | Got a clouded lapis lazuli ring
 54297 | Crypt:3  | Identified the ring "Juarch" {rElec EV+1 Str+4} (You found it on level 3 of the Crypt)
 54311 | Crypt:3  | Got a clouded golden ring
 54832 | Crypt:3  | Found a staircase to the Tomb.
 55415 | Depths:1 | Entered Level 1 of the Depths
 55659 | D:15     | Reached XP level 23. HP: 210/220 MP: 31/31
 55932 | Depths:1 | Identified the ring of Berhent {MP+9 SInv} (You found it on level 3 of the Crypt)
 56036 | Depths:1 | Found a gateway to Hell.
 56380 | Depths:1 | Found a one-way gate to the infinite horrors of the Abyss.
 56873 | Depths:2 | Reached skill level 15 in Invocations
 57370 | Depths:2 | Paralysed by a floating eye for 3 turns
 57385 | Depths:2 | Paralysed by a floating eye for 4 turns
 57480 | Depths:2 | Got a transparent sapphire amulet
 57484 | Depths:2 | Identified the amulet of Fyruylae {Harm *Drain rF+} (You found it on level 2 of the Depths)
 57665 | Depths:2 | Noticed Lucherd's ghost (veteran CeHu)
 57681 | Depths:2 | Killed Lucherd's ghost
 57930 | Depths:2 | Was forgiven by Okawaru
 58102 | Depths:2 | Found a one-way gate leading to the halls of Pandemonium.
 59544 | Depths:4 | Reached XP level 24. HP: 233/233 MP: 34/34
 59747 | Depths:4 | Noticed a juggernaut
 59749 | Depths:4 | Noticed a juggernaut
 59765 | Depths:4 | Killed a juggernaut
 59772 | Depths:4 | Killed a juggernaut
 59875 | Depths:4 | Found the +2 ratskin cloak {+Rats rPois rN+ Str-1 Int-1 Dex+1}
 60316 | Depths:4 | Noticed Mennas
 60346 | Depths:4 | Killed Mennas
 60482 | Depths:4 | Noticed a juggernaut
 60505 | Depths:4 | Killed a juggernaut
 60776 | Depths:4 | Found a shimmering altar of Xom.
 60777 | Depths:4 | Found a basalt altar of Yredelemnul.
 61053 | Depths:4 | Noticed a juggernaut
 61065 | Depths:4 | Killed a juggernaut
 61081 | Depths:4 | Reached XP level 25. HP: 252/252 MP: 34/34
 61126 | Depths:4 | Paralysed by a floating eye for 2 turns
 61302 | Depths:4 | Found an ancient bone altar of Kikubaaqudgha.
 61395 | Depths:4 | Got a heavily runed gossamer ring
 61396 | Depths:4 | Identified the ring "Viunez" {Ice MR+ Str+8 Int-2 Stlth+} (You found it on level 4 of the Depths)
 61434 | Depths:4 | Found a blossoming altar of Fedhas.
 61737 | Depths:4 | Got a steaming broad axe
 61738 | Depths:4 | Identified the +3 broad axe "Ucuf" {drain, +Inv MR+ MP-9} (You found it on level 4 of the Depths)
 62193 | D:12     | Bought a scroll of enchant armour for 105 gold pieces
 62253 | D:12     | You paid a toll of +2 gold dragon scales to enter a treasure trove
 62254 | Trove    | Entered a treasure trove
 62324 | Trove    | Identified Sif Muna's Almanac of Lethal Evil
 62339 | Trove    | Identified Sif Muna's Disquisition on Confrontation
 62522 | Hell     | Entered the Vestibule of Hell
 62522 | Hell     | Noticed Geryon
 62593 | Depths:5 | Entered Level 5 of the Depths
 62593 | Depths:5 | Found a gateway to a ziggurat.
 62974 | Depths:5 | Found a gate to the Realm of Zot.
 63566 | Depths:5 | Found a huge runed gate.
 63569 | Depths:5 | Found a huge runed gate.
 63569 | Depths:5 | Found a huge runed gate.
 63570 | Depths:5 | Found a huge runed gate.
 63570 | Depths:5 | Found a huge runed gate.
 63570 | Depths:5 | Found a huge runed gate.
 63572 | Depths:5 | Found a huge runed gate.
 63574 | Depths:5 | Found a huge runed gate.
 63574 | Depths:5 | Found a huge runed gate.
 63575 | Depths:5 | Found a huge runed gate.
 63576 | Depths:5 | Found a huge runed gate.
 63577 | Depths:5 | Found a huge runed gate.
 63578 | Depths:5 | Found a huge runed gate.
 63579 | Depths:5 | Found a huge runed gate.
 63587 | Depths:5 | Found a huge runed gate.
 63587 | Depths:5 | Found a huge runed gate.
 63587 | Depths:5 | Found a huge runed gate.
 63587 | Depths:5 | Found a huge runed gate.
 63587 | Depths:5 | Found a huge runed gate.
 63919 | Depths:5 | Noticed a juggernaut
 63933 | Depths:5 | Killed a juggernaut
 63947 | Depths:5 | Noticed a juggernaut
 63956 | Depths:5 | Killed a juggernaut
 63967 | Depths:5 | Reached XP level 26. HP: 235/261 MP: 34/34
 64021 | Depths:5 | Noticed a juggernaut
 64043 | Depths:5 | Killed a juggernaut
 64204 | Depths:5 | Found a huge runed gate.
 64205 | Depths:5 | Found a huge runed gate.
 64205 | Depths:5 | Found a huge runed gate.
 64233 | Depths:5 | Found a huge runed gate.
 64233 | Depths:5 | Found a huge runed gate.
 64234 | Depths:5 | Found a huge runed gate.
 64238 | Depths:5 | Found a huge runed gate.
 64239 | Depths:5 | Found a huge runed gate.
 64242 | Depths:5 | Found a huge runed gate.
 64243 | Depths:5 | Found a huge runed gate.
 64243 | Depths:5 | Found a huge runed gate.
 64244 | Depths:5 | Found a huge runed gate.
 64245 | Depths:5 | Found a huge runed gate.
 64246 | Depths:5 | Found a huge runed gate.
 64260 | Depths:5 | Found a huge runed gate.
 64286 | Depths:5 | Found a huge runed gate.
 64286 | Depths:5 | Found a huge runed gate.
 64554 | Depths:5 | Gained mutation: You are dopey. (Int -2) [a neqoxec]
 64998 | Vaults:5 | Entered Level 5 of the Vaults
 65994 | Vaults:5 | Identified the Papyrus of Transmutation and the Blaze
 66176 | Vaults:5 | Reached XP level 27. HP: 269/269 MP: 34/34
 66522 | Vaults:5 | Got a silver rune of Zot
 67032 | Elf:3    | Entered Level 3 of the Elven Halls
 68033 | Elf:2    | Got a fine copper ring
 68034 | Elf:2    | Identified the ring of the Invisible Nights {rC+ Stlth+} (You acquired it on level 2 of the Elven Halls)
 68454 | Elf:2    | Reached skill level 27 in Polearms
 69077 | Elf:3    | Identified the Grimoire of Egalitarianism
 69168 | Elf:3    | Got an ebony battleaxe
 69181 | Elf:3    | Got a pitted zirconium amulet
 69587 | Elf:3    | Identified the amulet of Irrepressible Laughter {Spirit *Corrode rF+ Dex+2} (You took it off a deep elf demonologist on level 3 of the Elven Halls)
 69827 | Slime:1  | Entered Level 1 of the Pits of Slime
 70156 | Slime:1  | Reached skill level 27 in Fighting
 72377 | Slime:5  | Entered Level 5 of the Pits of Slime
 72383 | Slime:5  | Gained mutation: You occasionally shout uncontrollably at your foes. [a shining eye]
 72423 | Slime:5  | Gained mutation: Your muscles are strong. (Str +2) [a shining eye]
 72719 | Slime:5  | Gained mutation: You expend magic power (3 MP) to strengthen your wands. [a shining eye]
 72722 | Slime:5  | Gained mutation: You tend to lose your temper in combat. [a shining eye]
 72823 | Slime:5  | Gained mutation: You sometimes yell uncontrollably at your foes. [a shining eye]
 72824 | Slime:5  | Gained mutation: You are clumsy. (Dex -2) [a shining eye]
 72825 | Slime:5  | Noticed the Royal Jelly
 72844 | Slime:5  | Killed the Royal Jelly
 73519 | Slime:5  | Found the +3 salamander hide armour {+Rage rF++}
 73521 | Slime:5  | Found the +7 captain's cutlass {speed, disarm}
 73541 | Slime:5  | Identified the cursed +1 battleaxe of Gozag's Benevolence {vamp, Str+4} (You found it on level 3 of the Elven Halls)
 73585 | Slime:5  | Got a slimy rune of Zot
 73665 | Slime:5  | Got a pitted graven amulet
 73783 | Slime:5  | Got an encrusted plate armour
 73794 | Slime:5  | Identified the +4 plate armour of Noughts and Crosses {Str+6 Int+3 Dex-4} (You found it on level 5 of the Pits of Slime)
 74291 | Vaults:2 | Bought a scroll of acquirement for 676 gold pieces
 74299 | Vaults:2 | Identified the amulet "Qulaesch" {Reflect *Slow Int+6 Dex+8 SH+3} (You found it on level 5 of the Pits of Slime)
 74502 | Tomb:1   | Entered Level 1 of the Tomb of the Ancients
 75263 | Tomb:1   | Noticed Boris
 75265 | Tomb:1   | Killed Boris
 75507 | Tomb:1   | Paralysed by a sphinx for 7 turns
 75850 | Tomb:1   | Noticed an ancient lich
 75874 | Tomb:1   | Killed an ancient lich
 75971 | Tomb:1   | Noticed a greater mummy
 76001 | Tomb:1   | Killed a greater mummy
 76436 | Tomb:2   | Noticed a greater mummy
 76603 | Tomb:2   | Noticed an ancient lich
 76609 | Tomb:2   | Killed an ancient lich
 76641 | Tomb:2   | Killed a greater mummy
 76758 | Tomb:2   | Noticed a greater mummy
 76767 | Tomb:2   | Killed a greater mummy
 76848 | Tomb:2   | Noticed an ancient lich
 76862 | Tomb:2   | Killed an ancient lich
 77052 | Tomb:2   | Reached skill level 27 in Armour
 77242 | Tomb:1   | Noticed a greater mummy
 77248 | Tomb:1   | Noticed a greater mummy
 77248 | Tomb:1   | Noticed a greater mummy
 77249 | Tomb:1   | Noticed a greater mummy
 77259 | Tomb:1   | Noticed a greater mummy
 77259 | Tomb:1   | Noticed a greater mummy
 77260 | Tomb:1   | Noticed a greater mummy
 77260 | Tomb:1   | Noticed a greater mummy
 77261 | Tomb:1   | Noticed a greater mummy
 77570 | Tomb:1   | Killed a greater mummy
 77570 | Tomb:1   | Lost intelligence.
 77571 | Tomb:1   | Noticed a greater mummy
 77575 | Tomb:1   | Killed a greater mummy
 77578 | Tomb:1   | Killed a greater mummy
 77586 | Tomb:1   | Killed a greater mummy
 77593 | Tomb:1   | Killed a greater mummy
 77771 | Tomb:1   | Noticed a greater mummy
 77784 | Tomb:1   | Killed a greater mummy
 77784 | Tomb:1   | Reached skill level 27 in Shields
 77957 | Tomb:1   | Noticed a greater mummy
 77967 | Tomb:1   | Killed a greater mummy
 77978 | Tomb:1   | Killed a greater mummy
 78082 | Tomb:1   | Noticed a greater mummy
 78084 | Tomb:1   | Noticed a greater mummy
 78085 | Tomb:1   | Noticed a greater mummy
 78092 | Tomb:1   | Noticed a greater mummy
 78368 | Tomb:1   | Killed a greater mummy
 78444 | Tomb:1   | Killed a greater mummy
 78593 | Tomb:1   | Killed a greater mummy
 78630 | Tomb:1   | Killed a greater mummy
 78630 | Tomb:1   | Reached skill level 10 in Dodging
 78640 | Tomb:1   | Killed a greater mummy
 78736 | Tomb:1   | Killed a greater mummy
 78770 | Tomb:1   | Killed a greater mummy
 78827 | Tomb:1   | Killed a greater mummy
 78986 | Tomb:1   | Noticed a greater mummy
 79019 | Tomb:1   | Killed a greater mummy
 79019 | Tomb:1   | Lost intelligence.
 80279 | Tomb:1   | Noticed a greater mummy
 80297 | Tomb:1   | Killed a greater mummy
 80833 | Tomb:2   | Paralysed by a Zot trap for 3 turns
 81303 | Tomb:3   | Entered Level 3 of the Tomb of the Ancients
 81324 | Tomb:3   | Lost intelligence.
 81328 | Tomb:3   | Noticed a greater mummy
 81331 | Tomb:3   | Noticed a greater mummy
 81344 | Tomb:3   | HP: 9/267 [greater mummy/divine providence (12)]
 81348 | Tomb:3   | Noticed a greater mummy
 81352 | Tomb:3   | Noticed a greater mummy
 81356 | Tomb:3   | HP: 1/273 [emperor scorpion[a greater mummy] (14)]
 81357 | Tomb:3   | Killed by an exploding bennu... ignited by themself

Skill      XL: |  1  2  3  4  5  6  7  8  9 10 11 12 13 14 15 16 17 18 19 20 21 22 23 24 25 26 27 |
---------------+----------------------------------------------------------------------------------+-----
Axes           | 3 4 5 |  5.0
Fighting       | 4 5 9 11 12 15 18 21 22 26 27 | 27.0
Dodging        | 1 4 6 14 | 14.5
Invocations    | 4 5 7 10 13 16 | 16.1
Polearms       | 7 11 14 18 20 22 25 27 | 27.0
Armour         | 4 7 9 12 13 15 17 18 22 23 27 | 27.0
Shields        | 4 7 9 12 13 15 17 21 25 26 27 | 27.0
Evocations     | 5 |  5.7
Throwing       | 3 |  3.4

Action                   |  1- 3 |  4- 6 |  7- 9 | 10-12 | 13-15 | 16-18 | 19-21 | 22-24 | 25-27 || total
-------------------------+-------+-------+-------+-------+-------+-------+-------+-------+-------++-------
Melee: War axe           |    85 |   113 |    41 |       |       |       |       |       |       ||   239
       Headbutt          |    12 |    17 |    44 |   178 |   426 |   444 |   663 |   561 |   534 ||  2879
       Trident           |       |       |   223 |   747 |  1631 |  2030 |  2013 |       |       ||  6644
       Scythe            |       |       |       |       |       |       |    25 |   458 |       ||   483
       Trishula          |       |       |       |       |       |       |       |  1515 |  1922 ||  3437
Throw: Javelin           |       |       |       |       |     7 |     7 |     6 |    14 |       ||    34
Invok: Heroism           |       |       |     1 |    15 |    16 |    19 |    26 |       |       ||    77
       Finesse           |       |       |       |     1 |     5 |     1 |    19 |       |       ||    26
       Summon Divine War |       |       |       |       |       |       |       |     8 |    16 ||    24
       Divine Shield     |       |       |       |       |       |       |       |     2 |     6 ||     8
       Brand Weapon With |       |       |       |       |       |       |       |     1 |       ||     1
       Cleansing Flame   |       |       |       |       |       |       |       |     1 |    64 ||    65
 Abil: Evoke Flight      |       |       |       |       |       |     2 |       |     1 |       ||     3
       Stop Flying       |       |       |       |       |       |     2 |       |       |       ||     2
       Evoke Blink       |       |       |       |       |       |       |       |     1 |       ||     1
Evoke: Wand              |       |       |       |       |     2 |       |     9 |     1 |     1 ||    13
  Use: Potion            |       |     1 |       |       |     1 |     6 |     1 |     2 |    13 ||    24
       Scroll            |       |     5 |     2 |    13 |    28 |    14 |    14 |    14 |    39 ||   129
 Stab: Distracted        |       |       |       |       |     1 |       |       |       |       ||     1
       Petrified         |       |       |       |       |       |     4 |       |       |       ||     4
  Eat: Chunk             |     3 |     3 |    11 |    15 |    28 |    26 |    29 |    11 |    16 ||   142
       Ration            |       |       |     1 |     4 |     3 |     3 |     5 |     7 |    19 ||    42
Armor: Scale mail        |    24 |    29 |    43 |    46 |       |       |       |       |       ||   142
       Chain mail        |       |       |       |   119 |   192 |       |       |       |       ||   311
       Crystal plate arm |       |       |       |       |   301 |  1058 |   747 |   829 |   801 ||  3736
       Skin              |       |       |       |       |       |    61 |       |       |       ||    61
Dodge: Dodged            |    27 |    41 |    69 |   199 |   328 |   580 |   499 |   439 |   432 ||  2614
Block: Shield            |    33 |    73 |    90 |   273 |   722 |  1320 |  1292 |   597 |  1293 ||  5693
       Reflection        |       |       |       |    15 |    59 |   189 |   160 |    88 |    75 ||   586
